 Dungeon Crawl Stone Soup version 0.26-b1-32-g5d43845318 (webtiles) character file.

Game seed: 179931315940195699

16882 Aviak the Fighter (level 12, -11/104 (106) HPs)
             Began as a Grey Draconian Fire Elementalist on Jan 13, 2021.
             Was an Elder of Vehumet.
             Mangled by a spectral komodo dragon (20 damage)
             ... in a Gauntlet.
             The game lasted 00:30:06 (17023 turns).

Aviak the Fighter (DrFE)                           Turns: 17023, Time: 00:30:07

HP:   -11/104 (106) AC: 15    Str: 12    XL:     12   Next: 14%
MP:   10/24         EV: 18    Int: 19    God:    Vehumet [****..]
Gold: 497           SH:  0    Dex: 18    Spells: 6/28 levels left

rFire    . . .     SeeInvis .   s - +2 flail (protect)
rCold    . . .     Faith    .   (no shield)
rNeg     . . .     Spirit   .   (armour unavailable)
rPois    .         Reflect  .   (helmet restricted)
rElec    .         Harm     .   d - +0 cloak
rCorr    .         Rampage  .   l - +0 pair of gloves
Will     .....     NoTele   +   (no boots)
Stlth    ++........             (no amulet)
HPRegen  0.27/turn              n - +6 ring of dexterity
MPRegen  0.19/turn              (no ring)

@: frozen ramparts, slowed, lightly drained, very slow
A: walk through water, unfitting armour, mutation resistance 1, unbreathing,
cold-blooded, AC +13
a: Renounce Religion


You were in a Gauntlet.
You worshipped Vehumet.
Vehumet was greatly pleased with you.
You visited 2 branches of the dungeon, and saw 14 of its levels.
You also visited: Gauntlet.

You collected 497 gold pieces.

Inventory:

Hand Weapons
 e - a +4 vorpal mace
 s - a +2 flail of protection (weapon)
Armour
 d - a +0 cloak (worn)
 l - a +0 pair of gloves (worn)
 C - a +0 kite shield
Jewellery
 n - a +6 ring of dexterity (left hand)
Wands
 x - a wand of paralysis (12)
 y - a wand of digging (6)
Scrolls
 b - 3 scrolls of enchant weapon
 f - 6 scrolls of amnesia {unknown}
 g - 2 scrolls of magic mapping
 j - 2 scrolls of enchant armour {unknown}
 k - a scroll of noise {unknown}
 o - a scroll of blinking {unknown}
 r - 3 scrolls of remove curse
 t - 7 scrolls of teleportation
 v - a scroll of fog {unknown}
 w - 4 scrolls of immolation {unknown}
Potions
 a - 2 potions of berserk rage
 c - 3 potions of curing
 i - a potion of degeneration {unknown}
 p - 3 potions of flight
 q - 3 potions of haste {unknown}
 u - a potion of lignification {!q}
 z - 2 potions of resistance
 A - a potion of mutation {!q}
 B - a potion of brilliance {unknown}


   Skills:
 + Level 9.8 Fighting
 - Level 5.0 Maces & Flails
 + Level 8.1 Dodging
 - Level 1.7 Stealth
 + Level 8.5 Spellcasting
 - Level 8.1 Conjurations
 - Level 8.7 Fire Magic
 + Level 3.1 Ice Magic


You had 6 spell levels left.
You knew the following spells:

 Your Spells              Type           Power        Failure   Level
a - Foxfire               Conj/Fire      100%         1%          1
b - Searing Ray           Conj           78%          1%          2
c - Sticky Flame          Conj/Fire      40%          1%          4
d - Conjure Flame         Conj/Fire      40%          1%          3
e - Fireball              Conj/Fire      20%          2%          5
f - Inner Flame           Hex/Fire       24%          1%          3
g - Frozen Ramparts       Ice            40%          1%          3
q - Magic Dart            Conj           100%         1%          1

Your spell library contained the following spells:

 Spells                   Type           Power        Failure   Level


Dungeon Overview and Level Annotations

Branches:
Dungeon (13/15)            Temple (1/1) D:5             Orc (0/2) D:10
Gauntlet (1/1)
   Lair: D:8-11      Vaults: D:13-14

Altars:
Ashenzari
Cheibriados
Dithmenos
Elyvilon
Fedhas
Gozag
Hepliaklqana
Kikubaaqudgha
Makhleb
Nemelex Xobeh
Okawaru
Qazlal
Ru
Sif Muna
Trog
Uskayaw
Vehumet
Wu Jian
Xom
Yredelemnul
Zin
The Shining One

Annotations:
Gauntlet 13 transporters, 21 runed translucent doors, exclusion: 2 obsidian statues


Innate Abilities, Weirdness & Mutations

You can walk through water.
Your dull iron-grey scales are very hard. (AC +13)
You cannot fit into any form of body armour.
You can survive without breathing.
You are cold-blooded and may be slowed by cold attacks.
You are somewhat resistant to further mutation.


Message History

The wall freezes the death scarab but does no damage.
The spectral komodo dragon resists.
The wall freezes the spectral komodo dragon.
The spectral lindwurm resists.
The wall freezes the spectral lindwurm.
Casting: Frozen Ramparts (safe; 1% risk of failure)
Confirm with . or Enter, or press ? or * to list all spells.
Aiming: Fireball (dangerous; 2% risk of failure)
Press: ? - help, Shift-Dir - straight line, f/p - death scarab
Aim: a death scarab (severely damaged)
The fireball explodes!
The fireball engulfs the death scarab!!
You destroy the death scarab!
Vehumet accepts your kill.
The wall freezes the death scarab.
The spectral komodo dragon resists.
The wall freezes the spectral komodo dragon.
The spectral komodo dragon closely misses you.
The wall freezes the death scarab.
The spectral lindwurm resists.
The wall freezes the spectral lindwurm.
The spectral komodo dragon resists.
The wall freezes the spectral komodo dragon.
The spectral komodo dragon bites you!!
You die...

.#©...........©...........©#≈≈≈≈8
#################################
+.©.+..#.#....Z....#.#.........#.
+...+..#.#.##...##.#.#.P.P.P...#.
#+#+#++#.#.#.###.#.#.#..#PPP#P.#.
+...+..#.#..##.##..#.#.PP...PP.#.
+...+..#.#....©B.Z.#.#....©....#.
#...#++#.#..##.##ZZ#.#.PPP.PPP.#.
#+++#..#.#.#.###@#.#.#.P#PPP#P.#.
.......#.#Z##.†.##.#.#....8....#.
.=©|!..#.#..!=©=...#.#..[(©!...#.
########.###########.###########.
.................................
...............................≈∩
#################################
#8# #8# #8# #8# #8# #8##≈........
### ### ### ### ### ####8..©.©.©.


You could see 2 spectral komodo dragons and a spectral lindwurm.

Vanquished Creatures
  A two-headed ogre (D:10)
  A death scarab (Gauntlet)
  2 tengu warriors (D:12)
  An unseen horror (D:11)
  Pikel (D:4)
  2 deep elf magi
  A cyclops (D:11)
  An oklob plant (Gauntlet)
  2 ugly things (D:10)
  A centaur zombie (D:12)
  A kobold demonologist (D:11)
  A polar bear (D:7)
  A troll (D:10)
  A hornet (D:10)
  3 wyverns
  A wraith (D:6)
  18 yaks
  Eustachio (D:5)
  Grum (D:8)
  A steam dragon (D:10)
  2 swamp worms (Gauntlet)
  An acid dragon (Gauntlet)
  A water moccasin (D:7)
  4 sky beasts
  3 orc warriors
  2 black bears (D:10)
  5 phantoms
  2 ice beasts (D:8)
  10 ogres
  6 centaurs
  6 wolves
  A big kobold (D:11)
  10 bullfrogs
  2 scorpions
  5 killer bees (D:7)
  6 howler monkeys
  7 electric eels (D:12)
  A quasit (D:12)
  8 hounds
  3 jellies
  7 orc priests
  9 orc wizards
  4 bullfrog skeletons
  3 centaur skeletons
  Jessica (D:2)
  7 iguanas
  3 worker ants
  Terence (D:2)
  2 hound skeletons (D:4)
  11 gnolls
  11 adders
  4 shadow imps
  8 white imps
  An ooze (shapeshifter) (D:13)
  An adder zombie (D:6)
  An adder skeleton (D:7)
  2 worms
  2 dart slugs
  6 leopard geckos
  42 orcs
  2 ball pythons (D:1)
  8 giant cockroaches
  7 goblins
  3 hobgoblins
  4 jackals (D:4)
  6 quokkas
  7 bats
  5 frilled lizards
  2 jackal zombies
  15 kobolds
  A leopard gecko zombie (D:7)
  A quokka zombie (D:6)
  8 rats
322 creatures vanquished.

Vanquished Creatures (collateral kills)
  A foxfire (D:1)
1 creature vanquished.

Vanquished Creatures (others)
  302 foxfires
  A plant (D:1)
303 creatures vanquished.

Grand Total: 626 creatures vanquished

Notes
Turn   | Place    | Note
-------+----------+-------------------------------------------
     0 | D:1      | Aviak the Draconian Fire Elementalist began the quest for
                  | the Orb.
     0 | D:1      | Reached XP level 1. HP: 14/14 MP: 3/3
   334 | D:1      | Reached XP level 2. HP: 20/20 MP: 3/5
  1353 | D:1      | Reached XP level 3. HP: 26/26 MP: 6/6
  2382 | D:2      | Noticed Terence
  2412 | D:2      | Killed Terence
  2413 | D:2      | Reached XP level 4. HP: 27/33 MP: 0/7
  2487 | D:2      | Noticed Jessica
  2492 | D:2      | Killed Jessica
  2499 | D:2      | Learned a level 3 spell: Conjure Flame
  2776 | D:3      | Found a sacrificial altar of Ru.
  2827 | D:3      | Gained mutation: You are somewhat resistant to further
                  | mutation. [potion of mutation]
  3109 | D:3      | Reached XP level 5. HP: 33/38 MP: 5/8
  3337 | D:3      | Found a shimmering altar of Xom.
  3348 | D:3      | Found an iron altar of Okawaru.
  3416 | D:3      | Found a shimmering blue altar of Sif Muna.
  3458 | D:3      | Found a hide-covered altar of Uskayaw.
  4006 | D:4      | Reached XP level 6. HP: 45/45 MP: 1/9
  4239 | D:4      | Noticed Pikel
  4259 | D:4      | Killed Pikel
  4260 | D:4      | Reached skill level 5 in Fire Magic
  4260 | D:4      | Your scales start taking on a dull iron-grey colour.
  4260 | D:4      | Reached XP level 7. HP: 50/50 MP: 3/10
  4260 | D:4      | Gained mutation: You can survive without breathing. [Grey
                  | Draconian growth]
  4424 | D:4      | Learned a level 4 spell: Sticky Flame
  4430 | D:4      | You fall into a shaft and drop 2 floors!
  4430 | D:6      | Found a broken altar of Ashenzari.
  4520 | D:6      | Noticed a wraith
  4536 | D:6      | Killed a wraith
  4537 | D:6      | Reached skill level 5 in Dodging
  4537 | D:6      | Reached skill level 5 in Conjurations
  4658 | D:5      | Entered Level 5 of the Dungeon
  4730 | D:4      | Reached XP level 8. HP: 57/57 MP: 9/11
  5626 | D:5      | Found an ancient bone altar of Kikubaaqudgha.
  5673 | D:5      | Found a hide-covered altar of Uskayaw.
  5746 | D:5      | Found a staircase to the Ecumenical Temple.
  5786 | Temple   | Entered the Ecumenical Temple
  5908 | Temple   | Became a worshipper of Vehumet
  5977 | D:5      | Noticed Eustachio
  5994 | D:5      | Killed Eustachio
  6295 | D:6      | Reached skill level 1 in Fighting
  6395 | D:6      | Reached skill level 2 in Fighting
  6630 | D:6      | Reached skill level 3 in Fighting
  6630 | D:6      | Reached XP level 9. HP: 69/69 MP: 7/14
  6918 | D:6      | Reached skill level 4 in Fighting
  7340 | D:7      | Reached * piety under Vehumet
  7340 | D:7      | Offered knowledge of Magic Dart by Vehumet.
  7376 | D:7      | Learned a level 1 spell: Magic Dart
  7514 | D:7      | Reached skill level 5 in Fighting
  7773 | D:7      | Reached skill level 5 in Spellcasting
  8026 | D:7      | Found a shimmering altar of Xom.
  8026 | D:7      | Noticed a deep elf mage
  8032 | D:7      | Killed a deep elf mage
  8033 | D:7      | Reached skill level 6 in Fighting
  8675 | D:8      | Reached skill level 7 in Fighting
  8723 | D:8      | Offered knowledge of Searing Ray by Vehumet.
  8724 | D:8      | Reached XP level 10. HP: 45/86 MP: 3/19
  8728 | D:8      | Noticed Grum
  8742 | D:7      | Reached ** piety under Vehumet
  8746 | D:7      | Learned a level 2 spell: Searing Ray
  9320 | D:8      | Reached skill level 1 in Maces & Flails
  9904 | D:8      | Offered knowledge of Static Discharge by Vehumet.
 10016 | D:8      | Killed Grum
 10236 | D:8      | Reached *** piety under Vehumet
 11569 | D:10     | Entered Level 10 of the Dungeon
 11680 | D:10     | Noticed a two-headed ogre
 11702 | D:10     | Learned a level 5 spell: Fireball
 11720 | D:10     | Killed a two-headed ogre
 11721 | D:10     | Reached XP level 11. HP: 71/92 MP: 17/20
 11871 | D:10     | Reached skill level 5 in Maces & Flails
 12026 | D:10     | Found a staircase to the Orcish Mines.
 12029 | D:10     | Offered knowledge of Stone Arrow by Vehumet.
 12706 | D:10     | Reached skill level 8 in Fighting
 13522 | D:11     | Noticed a green ugly thing
 13870 | D:10     | Killed a green ugly thing
 14217 | D:11     | Noticed a cyan ugly thing
 14454 | D:10     | Killed a cyan ugly thing
 14864 | D:11     | Reached **** piety under Vehumet
 14984 | D:11     | Learned a level 3 spell: Inner Flame
 15011 | D:11     | Reached skill level 9 in Fighting
 15021 | D:11     | Noticed an unseen horror
 15026 | D:11     | Killed an unseen horror
 15094 | D:11     | Offered knowledge of Frozen Ramparts by Vehumet.
 15142 | D:11     | Learned a level 3 spell: Frozen Ramparts
 15388 | D:11     | Reached skill level 1 in Ice Magic
 15734 | D:11     | You fall into a shaft and drop 2 floors!
 15739 | D:13     | Noticed a white ugly thing
 15742 | D:13     | Noticed a deep elf mage
 15756 | D:13     | Noticed a sun demon
 15757 | D:13     | Killed a deep elf mage
 15914 | D:12     | Noticed a tengu warrior
 15926 | D:12     | Noticed a tengu warrior
 15937 | D:12     | Killed a tengu warrior
 15942 | D:12     | Killed a tengu warrior
 15943 | D:12     | Reached XP level 12. HP: 36/105 MP: 7/24
 15969 | D:12     | Noticed a boulder beetle
 16029 | D:12     | Noticed a death knight
 16038 | D:12     | Found a gate leading to a gauntlet.
 16047 | Gauntlet | Entered a Gauntlet
 16047 | Gauntlet | Found a transporter.
 16232 | Gauntlet | Found a transporter.
 16234 | Gauntlet | Found the +18 shield of the Gong {rElec rN+ Will+ EV-5}
 16244 | Gauntlet | Found a transporter.
 16249 | Gauntlet | Found a transporter.
 16264 | Gauntlet | Found a transporter.
 16282 | Gauntlet | Noticed a death yak
 16282 | Gauntlet | Noticed a death yak
 16283 | Gauntlet | Found a transporter.
 16283 | Gauntlet | Noticed a death yak
 16283 | Gauntlet | Noticed a death yak
 16283 | Gauntlet | Noticed a death yak
 16292 | Gauntlet | Found a transporter.
 16307 | Gauntlet | Found a transporter.
 16313 | Gauntlet | Found a transporter.
 16324 | Gauntlet | Noticed a death scarab
 16327 | Gauntlet | Noticed a death scarab
 16328 | Gauntlet | Found a transporter.
 16336 | Gauntlet | Found a large runed translucent door.
 16337 | Gauntlet | Found a large runed translucent door.
 16338 | Gauntlet | Found a large runed translucent door.
 16338 | Gauntlet | Found a large runed translucent door.
 16339 | Gauntlet | Found a runed translucent gate.
 16340 | Gauntlet | Found a transporter.
 16340 | Gauntlet | Found a runed translucent gate.
 16341 | Gauntlet | Found a runed translucent gate.
 16342 | Gauntlet | Found a large runed translucent door.
 16342 | Gauntlet | Found a large runed translucent door.
 16343 | Gauntlet | Found a large runed translucent door.
 16344 | Gauntlet | Found a large runed translucent door.
 16353 | Gauntlet | Found a large runed translucent door.
 16353 | Gauntlet | Found a large runed translucent door.
 16353 | Gauntlet | Found a runed translucent door.
 16353 | Gauntlet | Found a runed translucent door.
 16354 | Gauntlet | Found a large runed translucent door.
 16355 | Gauntlet | Found a large runed translucent door.
 16357 | Gauntlet | Found a transporter.
 16365 | Gauntlet | Found a large runed translucent door.
 16365 | Gauntlet | Found a large runed translucent door.
 16366 | Gauntlet | Found a large runed translucent door.
 16367 | Gauntlet | Found a large runed translucent door.
 16375 | Gauntlet | Found a transporter.
 16377 | Gauntlet | Found a transporter.
 16404 | Gauntlet | Found a transporter.
 16404 | Gauntlet | Found a transporter.
 16424 | Gauntlet | Found a transporter.
 16502 | Gauntlet | Found a transporter.
 17023 | Gauntlet | Killed a death scarab
 17023 | Gauntlet | Mangled by a spectral komodo dragon

Illustrated notes

Levels and vault maps discovered:
D:1:      dpeg_arrival_line_fractal, layout_loops_corners, serial_bayou_lagoon_a
D:2:      layout_basic, uniq_terence, uniq_jessica
D:3:      cheibrodos_helix_gallery, layout_basic, nicolae_ru_awakened_eye,
          nicolae_overflow_quartered_altars, minmay_starry_boxes
D:4:      layout_loops_ring, uniq_pikel
D:5:      layout_rooms, kennysheep_mini, minmay_temple_entry_enclosed_plants,
          basic_altar, uniq_eustachio
D:6:      layout_basic, evilmike_ruin_ashenzari
D:7:      layout_basic, david_defended_altar_elf
D:8:      layout_gridville, serial_ice, serial_ice_n, serial_ice_b,
          serial_ice_g, serial_ice_o, serial_ice_d, serial_ice_e, minivault_25,
          uniq_grum
D:9:      layout_basic
D:10:     layout_basic, david_orc_2
D:11:     layout_big_octagon
D:12:     layout_basic, gauntlet_entry_generic
D:13:     layout_loops_ring, uniq_nessos
Temple:   nicolae_temple_elliptical
Gauntlet: gammafunk_gauntlet_one_two_three [nicolae_gauntlet_arena_blocks,
          nicolae_gauntlet_arena_t_cross,
          gammafunk_gauntlet_arena_split_diamond,
          minmay_gauntlet_arena_make_your_own_arena,
          gammafunk_gauntlet_arena_corners, gammafunk_gauntlet_arena_hedges,
          gammafunk_gauntlet_arena_spirals, gammafunk_gauntlet_arena_grid,
          nicolae_gauntlet_arena_quarters, gauntlet_exit_watery]

Skill      XL: |  1  2  3  4  5  6  7  8  9 10 11 12 |
---------------+-------------------------------------+-----
Dodging        | 2 3 4 5 6 7 8 |  8.1
Conjurations   | 2 3 4 5 6 8 |  8.1
Fire Magic     | 4 5 6 7 8 |  8.7
Fighting       | 3 7 9 |  9.8
Spellcasting   | 3 6 8 |  8.5
Maces & Flails | 4 5 |  5.0
Ice Magic      | 2 3 |  3.1
Stealth        | |  1.7

Action                   |  1- 3 |  4- 6 |  7- 9 | 10-12 || total
-------------------------+-------+-------+-------+-------++-------
Melee: Unarmed           |    21 |       |       |       ||    21
       Dagger            |    43 |       |       |       ||    43
       Tailslap          |     8 |     3 |    32 |    45 ||    88
       Mace              |       |    68 |   266 |     4 ||   338
       Flail             |       |       |       |   413 ||   413
 Cast: Foxfire           |    38 |    53 |    90 |     1 ||   182
       Sticky Flame      |       |       |    22 |    85 ||   107
       Conjure Flame     |       |       |     2 |     1 ||     3
       Magic Dart        |       |       |    25 |    16 ||    41
       Searing Ray       |       |       |       |     1 ||     1
       Fireball          |       |       |       |    58 ||    58
       Frozen Ramparts   |       |       |       |     6 ||     6
Evoke: Wand              |       |       |       |     2 ||     2
  Use: Potion            |       |     5 |       |     5 ||    10
       Scroll            |       |       |     8 |     6 ||    14
 Stab: Sleeping          |     1 |     1 |     3 |       ||     5
Armor: Skin              |    14 |    25 |   132 |   245 ||   416
Dodge: Dodged            |    46 |    52 |   241 |   477 ||   816
